Map: [ESL] Solaris

Players

SHIN - Winner!

  • Race: Zerg Zerg
  • Spawn Location: 1:00

Bunny

  • Race: Terran Terran
  • Spawn Location: 7:00

Event: IEM Katowice 2024

VOD

Have the link to the VOD?

Description

Time

  • Played on: Feb. 8, 2024, 7:54 a.m.
  • Length: 14:30

All games in this series

Show
View Real Time Build Order
Export as new Build Order

SHIN Zerg - Winner!

Build Orders: Hatch First 

Get SALT Encoding   

  12  0:00  Drone  
  13  0:12  Overlord  
  13  0:16  Drone  
  14  0:31  Drone x2  
  16  0:47  Hatchery  
  15  0:51  Drone  
  15  0:55  Drone  
  17  0:58  Drone  
  18  1:09  Extractor  
  17  1:13  Spawning Pool  
  17  1:16  Drone  
  17  1:19  Drone  
  18  1:28  Drone  
  19  1:39  Drone  
  20  2:00  Queen x2  
  20  2:01  Zergling x2, Drone x2  
  27  2:10  Spine Crawler  
  27  2:11  Zergling x2, Overlord  
  27  2:17  Metabolic Boost  
  28  2:24  Overlord  
  28  2:30  Drone  
  28  2:33  Drone x2  
  28  2:35  Queen  
  33  2:40  Queen  
  35  2:44  Drone  
  35  2:45  Drone  
  37  2:53  Drone  
  37  2:54  Drone  
  38  3:04  Drone  
  39  3:07  Drone, Hatchery  
  39  3:08  Drone  
  39  3:10  Drone  
  41  3:13  Drone  
  41  3:15  Drone  
  43  3:23  Overlord  
  43  3:27  Overlord  
  43  3:32  Overlord  
  43  3:37  Overlord  
  43  3:41  Queen, Overlord  
  43  3:43  Drone x2  
  43  3:45  Zergling x2  
  43  3:48  Zergling x8  
  50  3:53  Queen  
  54  3:59  Drone x2  
  56  4:03  Drone  
  57  4:12  Drone  
  57  4:14  Drone  
  57  4:16  Queen  
  59  4:17  Drone x2  
  59  4:18  Drone x2  
  59  4:20  Drone  
  66  4:24  Drone x2  
  66  4:25  Drone  
  66  4:29  Zergling x2  
  66  4:31  Lair  
  70  4:33  Zergling x2  
  70  4:34  Zergling x2  
  70  4:36  Spore Crawler  
  70  4:38  Drone, Spore Crawler x2  
  70  4:40  Extractor  
  70  4:41  Drone  
  70  4:45  Drone  
  70  4:47  Drone  
  70  4:48  Overlord  
  70  4:50  Drone x2  
  70  4:52  Drone x2  
  76  4:53  Drone x2  
  76  4:55  Drone  
  76  4:59  Drone  
  78  5:00  Drone  
  78  5:01  Drone x2  
  78  5:03  Drone  
  78  5:06  Drone  
  83  5:11  Drone  
  83  5:13  Drone  
  84  5:16  Drone  
  84  5:18  Baneling Nest  
  84  5:20  Drone, Evolution Chamber  
  84  5:22  Extractor  
  84  5:23  Extractor  
  84  5:24  Drone, Evolution Chamber  
  84  5:27  Overlord  
  84  5:28  Zergling x4  
  84  5:29  Overseer  
  84  5:31  Drone x2  
  84  5:34  Drone  
  84  5:35  Drone x2  
  89  5:36  Drone  
  89  5:40  Drone  
  89  5:43  Drone  
  89  5:44  Hatchery  
  89  5:46  Drone x2  
  91  5:50  Zergling x4  
  91  5:53  Zerg Melee Weapons Level 1, Zerg Ground Armor Level 1  
  92  5:58  Drone, Overlord  
  92  5:59  Zergling x8, Extractor  
  96  6:05  Overlord  
  96  6:06  Zergling x8, Centrifugal Hooks  
  99  6:14  Zergling x2  
  100  6:19  Zergling x4  
  102  6:26  Drone x2  
  102  6:28  Overlord  
  102  6:29  Zergling x6, Hydralisk Den  
  106  6:34  Zergling x12  
  106  6:37  Overlord  
  109  6:40  Zergling x4  
  109  6:46  Baneling  
  109  6:47  Baneling x3  
  106  6:49  Zergling x4  
  106  6:53  Baneling x9  
  108  6:54  Zergling x2  
  108  6:58  Zergling x4  
  108  7:00  Zergling x2  
  108  7:01  Zergling x4, Baneling x4  
  109  7:03  Hydralisk, Grooved Spines  
  109  7:04  Hydralisk x2  
  109  7:05  Zergling x4  
  109  7:06  Drone  
  117  7:09  Drone  
  117  7:10  Drone  
  119  7:17  Drone  
  119  7:18  Drone  
  119  7:20  Drone, Overlord  
  119  7:21  Drone x2  
  119  7:22  Drone  
  121  7:28  Drone x2  
  118  7:30  Drone x6  
  118  7:35  Hydralisk x2  
  128  7:38  Hydralisk, Overlord  
  128  7:39  Zergling x2, Hatchery  
  128  7:41  Baneling x6  
  130  7:45  Zergling x8  
  130  7:49  Spore Crawler  
  130  7:50  Zergling x6, Zerg Melee Weapons Level 2  
  136  7:53  Zergling x4  
  136  7:54  Muscular Augments  
  136  7:57  Baneling  
  136  7:58  Baneling x5  
  137  8:01  Zergling x6  
  137  8:04  Extractor, Drone x2  
  137  8:05  Drone, Overlord  
  142  8:09  Zerg Ground Armor Level 2  
  142  8:11  Overlord  
  142  8:12  Zergling x10  
  146  8:18  Overlord  
  146  8:19  Overlord  
  146  8:20  Hydralisk  
  146  8:21  Hydralisk x2  
  152  8:29  Zergling x6  
  152  8:33  Drone, Spore Crawler  
  155  8:34  Zergling x8, Infestation Pit  
  155  8:39  Drone  
  155  8:40  Drone x4, Overlord  
  163  8:42  Baneling x9  
  163  8:43  Zergling x8  
  163  8:48  Zergling x2, Overseer  
  165  8:51  Pneumatized Carapace  
  165  8:54  Unknown  
  164  8:59  Zergling x2  
  164  9:00  Zergling x8  
  168  9:03  Baneling x7  
  168  9:04  Zergling x12  
  168  9:06  Hatchery  
  173  9:12  Zergling x22  
  184  9:20  Zergling x8  
  184  9:24  Baneling x16  
  186  9:27  Overlord  
  186  9:28  Zergling x4  
  189  9:31  Zergling x10  
  189  9:35  Hive  
  189  9:37  Zergling x12  
  196  9:41  Baneling x3  
  196  9:43  Drone x3  
  198  9:46  Zergling x4  
  198  9:49  Baneling x11  
  197  9:57  Zergling x2  
  197  9:58  Zergling x4  
  197  10:09  Zergling x16  
  196  10:16  Zergling x14  
  191  10:25  Zergling x22  
  195  10:29  Baneling x3  
  195  10:30  Zerg Missile Weapons Level 1, Baneling x9  
  195  10:33  Overseer x2  
  195  10:34  Overseer  
  195  10:35  Zergling x16, Hydralisk  
  191  10:36  Zergling x2  
  198  10:48  Spore Crawler  
  193  10:50  Viper x2  
  197  11:00  Zergling x8  
  197  11:01  Zergling x6  
  199  11:04  Zerg Ground Armor Level 3  
  199  11:09  Baneling x15  
  193  11:11  Zergling x12  
  199  11:19  Ultralisk Cavern  
  199  11:24  Adrenal Glands, Hatchery  
  196  11:25  Extractor  
  179  11:33  Zergling x42  
  199  11:44  Overseer  
  198  11:56  Zergling x6  
  198  12:02  Zergling x4  
  198  12:07  Zergling x18  
  198  12:10  Chitinous Plating  
  198  12:15  Burrow  
  191  12:16  Zergling x8  
  191  12:17  Zergling x12  
  183  12:23  Viper  
  183  12:24  Viper  
  183  12:25  Zergling x22  
  199  12:36  Overseer  
  168  12:54  Ultralisk x2  
  168  12:55  Zergling x42  
  182  13:02  Zergling x6, Ultralisk  
  189  13:06  Zergling x2  
  189  13:07  Zergling x4  
  189  13:14  Zergling x4  
  182  13:22  Ultralisk  
  182  13:26  Ultralisk  
  186  13:27  Zergling x8  
  186  13:29  Anabolic Synthesis  
  186  13:34  Zergling x4  
  191  13:37  Hatchery  
  191  13:40  Zergling x4  
  191  13:43  Zergling x2, Ultralisk  
  191  13:45  Hatchery  
  196  13:50  Zergling x4  
  196  13:53  Zergling x6  
  200  13:57  Baneling x5  
  200  13:58  Zergling x2  
  199  14:03  Zergling x2  
  199  14:04  Zergling x2  
  199  14:06  Zergling x4  
  199  14:07  Zergling x2  
Show
View Real Time Build Order
Export as new Build Order

Bunny Terran 

Build Orders: Command Center First, Hellion Banshee 

Get SALT Encoding   

  12  0:00  SCV  
  13  0:12  SCV  
  14  0:17  Supply Depot  
  14  0:24  SCV  
  15  0:39  SCV  
  16  0:51  SCV  
  17  0:58  Command Center  
  17  1:03  SCV  
  18  1:11  Barracks  
  18  1:15  SCV  
  19  1:20  Refinery  
  19  1:25  Refinery  
  19  1:29  SCV  
  20  1:41  SCV  
  21  1:53  SCV  
  22  1:58  Marine  
  23  2:05  Orbital Command  
  23  2:06  Factory  
  23  2:12  Orbital Command  
  23  2:18  Barracks Reactor  
  23  2:29  Supply Depot  
  23  2:30  SCV  
  23  2:36  Orbital Command  
  24  2:43  SCV  
  25  2:52  Starport  
  25  2:56  SCV  
  26  2:59  Hellion x2  
  26  3:01  SCV  
  26  3:02  Barracks Tech Lab  
  30  3:08  SCV  
  31  3:13  SCV  
  31  3:15  Supply Depot  
  32  3:20  Hellion x2, SCV  
  37  3:27  SCV  
  37  3:30  Barracks Tech Lab  
  37  3:32  SCV  
  39  3:35  Banshee, Cloaking Field  
  39  3:41  SCV  
  43  3:42  Hellion  
  43  3:43  Hellion  
  43  3:45  SCV  
  48  3:51  Supply Depot  
  48  3:53  Stimpack  
  48  3:55  SCV  
  49  3:57  SCV  
  50  4:11  SCV  
  50  4:13  SCV  
  50  4:14  Command Center  
  52  4:18  Banshee  
  52  4:23  Supply Depot  
  55  4:27  SCV x2  
  57  4:35  Barracks  
  57  4:38  Barracks  
  57  4:39  SCV x2  
  57  4:43  Factory Reactor  
  59  4:52  Engineering Bay x2  
  59  4:53  SCV x2  
  61  5:00  Refinery x2  
  61  5:06  Barracks  
  61  5:07  SCV x2  
  61  5:09  Marine  
  61  5:10  Starport Reactor  
  64  5:19  Barracks  
  64  5:21  SCV x2  
  66  5:22  Marine x2  
  68  5:31  Siege Tank, Terran Infantry Weapons Level 1  
  68  5:32  Terran Infantry Armor Level 1  
  71  5:37  SCV x2  
  71  5:40  Marine x3  
  71  5:41  Marine  
  71  5:42  Supply Depot x2  
  77  5:43  Marine  
  77  5:47  Combat Shield  
  77  5:48  Medivac  
  77  5:49  SCV  
  81  5:54  Medivac  
  81  5:56  Orbital Command  
  80  5:59  SCV  
  80  6:01  Barracks Reactor  
  80  6:02  Marine  
  80  6:03  Marine x2  
  84  6:06  Marine  
  84  6:08  Barracks Reactor, Marine  
  84  6:10  Siege Tank  
  89  6:13  SCV x2  
  91  6:22  Medivac  
  93  6:29  Marine x5  
  93  6:31  Medivac  
  100  6:33  SCV  
  100  6:35  SCV x2  
  99  6:45  Marine  
  99  6:46  SCV  
  101  6:50  Supply Depot  
  101  6:53  Supply Depot  
  101  6:54  Supply Depot  
  101  6:56  Medivac, Marine x2, SCV x2  
  101  6:57  Armory  
  101  6:59  Marine x3  
  105  7:01  Marine, Supply Depot  
  105  7:02  Marine  
  100  7:09  Widow Mine  
  100  7:11  SCV  
  100  7:12  SCV x2  
  105  7:28  SCV x2  
  105  7:29  SCV, Marine x6  
  100  7:31  Widow Mine  
  100  7:33  Marine x3  
  105  7:43  Medivac  
  105  7:44  Barracks x2  
  107  7:47  Supply Depot  
  107  7:50  Marine x2  
  109  7:52  Siege Tank  
  109  7:53  Marine x2  
  109  7:54  Marine  
  109  7:55  Marine  
  118  8:06  Marine  
  118  8:08  Terran Infantry Weapons Level 2  
  117  8:14  SCV x3  
  117  8:17  Supply Depot  
  117  8:19  Supply Depot x2  
  120  8:25  Marine  
  121  8:27  Terran Infantry Armor Level 2  
  121  8:29  Marine x8  
  121  8:32  Barracks Tech Lab x2  
  121  8:33  SCV  
  121  8:34  SCV x2  
  131  8:47  Siege Tank  
  132  8:49  Marauder, Marine  
  132  8:50  Marine x8  
  132  8:51  Marauder  
  132  8:54  Supply Depot  
  132  8:55  Supply Depot  
  145  9:07  Marine x7  
  145  9:08  Marauder, Marine  
  155  9:10  Marine  
  155  9:12  Marine  
  155  9:23  Siege Tank  
  158  9:25  Marine x7  
  158  9:26  Marine  
  158  9:28  Marauder  
  158  9:30  Marauder x2  
  172  9:35  Concussive Shells  
  172  9:38  Refinery x2  
  172  9:43  Marine x7  
  172  9:44  Marine  
  180  9:49  Marine  
  180  9:51  Marauder  
  180  9:52  Marauder  
  185  9:55  Siege Tank  
  188  10:00  Marine  
  188  10:01  Marine x6  
  188  10:02  Marine  
  183  10:15  Marine x2  
  183  10:16  Marine  
  183  10:18  Marine  
  183  10:19  Marine x6  
  183  10:20  Marine  
  179  10:44  Supply Depot, Marine x2  
  181  11:06  Siege Tank, Marine x5  
  181  11:10  Marine  
  189  11:28  Marine  
  189  11:29  Marine x4  
  189  11:30  Marine x3  
  181  11:36  Supply Depot  
  181  11:37  Supply Depot x3  
  181  11:49  Supply Depot  
  181  12:00  Marine  
  181  12:01  Marine x2  
  181  12:02  Marine x2  
  181  12:04  Marine x2, Marauder  
  181  12:05  Marine x2  
  181  12:06  Marine  
  181  12:11  Siege Tank, Medivac x2  
  187  12:18  Marine x2  
  187  12:22  Marine  
  189  12:23  Marine  
  189  12:34  Supply Depot  
  189  12:35  Supply Depot x2  
  189  12:36  Supply Depot  
  189  12:50  Orbital Command  
  178  12:54  Marine  
  178  12:56  Marauder x2, Medivac x2, Marine x4  
  176  13:05  Marine  
  176  13:06  Marine x2  
  176  13:11  Marine  
  176  13:12  Marine  
  181  13:14  Marauder  
  181  13:18  Marauder  
  185  13:20  Siege Tank  
  188  13:33  Marauder  
  190  13:36  Marine  
  191  13:47  Marine x5  
  196  13:53  Siege Tank  

Tags
 
Add a new tag
Caveats
  • Supply blocks, unpowered buildings, or Contaminate may cause inaccurate times.
  • Supply counts are checked every 10 seconds.